 Dungeon Crawl Stone Soup version 0.31.0-12-g77e489cdc1 (webtiles) character file.

Game seed: 8456652926299816947

26681 Marvel the Severer (level 13, 0/121 (124) HPs)
             Began as a Hill Orc Fighter on Feb 25, 2024.
             Was a High Priest of Beogh.
             Killed from afar by an orc wizard (1 damage)
             ... with a puff of flame
             ... led by an orc warlord
             ... on level 2 of the Orcish Mines.
             The game lasted 00:39:20 (11936 turns).

Marvel the Severer (Hill Orc Fighter)              Turns: 11936, Time: 00:39:21

HP:   0/121 (124)   AC:  8    Str: 24    XL:     13   Next: 27%
MP:   13/13         EV: 11    Int:  8    God:    Beogh [*****.]
Gold: 1041          SH:  6    Dex: 10    Spells: 12/12 levels left

rFire   . . .        a - +1 war axe (flame)
rCold   . . .        d - +0 buckler {reflect}
rNeg    . . .        J - +0 acid dragon scales
rPois   .            (no helmet)
rElec   .            (no cloak)
rCorr   +            (no gloves)
SInv    .            (no boots)
Will    .....        h - amulet of regeneration
Stlth   +            E - ring of resist corrosion
HPRegen 1.20/turn    (no ring)
MPRegen 0.13/turn

%: reflection
@: lightly drained
A: walk on water
a: Renounce Religion, Smiting, Recall Orcish Followers, Give Item to Named
Follower


You were on level 2 of the Orcish Mines.
You worshipped Beogh.
Beogh was extremely pleased with you.
You visited 3 branches of the dungeon, and saw 17 of its levels.

You collected 1074 gold pieces.
You spent 33 gold pieces at shops.

Inventory:

Hand Weapons
 a - a +1 war axe of flaming (weapon)
 r - a +3 scythe of venom
 B - a +0 falchion of flaming
 M - a +1 dagger of venom
 N - the +1 great sword "Fariss" {protect, *Rage Fly rPois Int-4}
   (You found it on level 12 of the Dungeon)

   Int-4:     It affects your intelligence (-4).
   rPois:     It protects you from poison Fly: It grants you flight.
   *Rage:     It berserks you when you make melee attacks (+20% chance).
Missiles
 m - 18 boomerangs (quivered)
 q - 26 poisoned darts
 x - 4 throwing nets
 I - 6 javelins
 P - 4 curare-tipped darts
Armour
 c - a +1 buckler
 d - a +0 buckler of reflection (worn)
 J - +0 acid dragon scales (worn)
Jewellery
 g - a ring of magical power
 h - an amulet of regeneration (around neck)
 D - an amulet of reflection
 E - a ring of resist corrosion (left hand)
 F - a ring of wizardry
Wands
 b - a wand of quicksilver (11)
 l - a wand of polymorph (18)
 v - a wand of charming (36)
 H - a wand of mindburst (16)
 O - a wand of flame (18)
Scrolls
 e - 13 scrolls of identify
 j - 2 scrolls of blinking
 s - 2 scrolls of brand weapon
 t - a scroll of noise
 u - a scroll of poison
 w - 3 scrolls of enchant armour
 y - 2 scrolls of fear
 z - 3 scrolls of revelation
 C - 2 scrolls of teleportation
Potions
 f - 3 potions of enlightenment
 i - 10 potions of curing
 k - a potion of might
 n - a potion of invisibility
 o - a potion of brilliance
 p - a potion of attraction
 A - 2 potions of degeneration


   Skills:
 + Level 14.1 Fighting
 + Level 18.0 Axes
 + Level 4.0 Throwing
 + Level 10.3 Armour
 - Level 1.0 Dodging
 - Level 0.1 Stealth
 + Level 9.3 Shields
 + Level 1.0 Invocations


You had 12 spell levels left.
You didn't know any spells.
Your spell library contained the following spells:

 Spells                   Type           Power      Damage    Failure   Level
 Kiss of Death            Conj/Necr      0%         2d5       52%         1
 Sandblast                Erth           0%         2d4       52%         1
 Slow                     Hex            0%         N/A       52%         1
 Blink                    Tloc           0%         N/A       65%         2
 Lesser Beckoning         Tloc           0%         N/A       65%         2
 Momentum Strike          Conj/Tloc      0%         3d8       65%         2
 Confusing Touch          Hex            0%         N/A       87%         3
 Dazzling Flash           Conj/Hex       0%         N/A       87%         3
 Gell's Gravitas          Tloc           0%         N/A       87%         3
 Hailstorm                Conj/Ice       0%         3d5       87%         3
 Passwall                 Erth           0%         N/A       87%         3
 Sigil of Binding         Hex            0%         N/A       87%         3
 Stone Arrow              Conj/Erth      0%         3d7       87%         3
 Summon Ice Beast         Ice/Summ       0%         N/A       87%         3
 Teleport Other           Tloc           0%         N/A       87%         3
 Vampiric Draining        Necr           0%         2d6       87%         3
 Animate Armour           Summ/Erth      0%         N/A       99%         4
 Brom's Barrelling Bould  Conj/Erth      0%         2d3       99%         4
 Dispel Undead            Necr           0%         3d6       99%         4
 Leda's Liquefaction      Alch/Erth      0%         N/A       99%         4
 Lee's Rapid Deconstruct  Erth           0%         3d4*      100%        5
 Yara's Violent Unravell  Hex/Alch       0%         3d3       100%        5
 Bombard                  Conj/Erth      0%         9d1       100%        6
 Dispersal                Tloc           0%         N/A       100%        6
 Sculpt Simulacrum        Ice/Alch       0%         N/A       100%        6
 Lehudib's Crystal Spear  Conj/Erth      0%         10d2      100%        8


Dungeon Overview and Level Annotations

Branches:
Dungeon (14/15)            Temple (0/1) D:6            Lair (1/5) D:9
    Orc (2/2) D:10         Vaults (0/5) D:13
    Elf: Orc:2

Altars:
Dithmenos
Gozag
Beogh

Shops:
D:4 !   Orc:1 (

Annotations:
D:3 Edmund
D:4 Eustachio
D:10 2 transporters, Computerfleisch's ghost, journeyman MiFi


Message History

The orc warlord hits your orc wizard with a +1 great mace of protection!
Your orc wizard dies!
Your Axes skill increases to level 18!
You are too injured to fight recklessly!
The orc wizard mumbles some strange words.
The orc wizard flickers and vanishes!
Deactivating autopickup; reactivate with Ctrl-A.
Your orc hits the orc warlord with a +0 dagger.
Your orc wizard points at the orc sorcerer and mumbles some strange words.
The puff of flame hits the orc sorcerer.
The orc sorcerer casts a spell at your orc wizard.
The bolt of negative energy hits your orc wizard!!
Your orc wizard is drained!
Your orc wizard dies!
The bolt of negative energy hits your orc!!
Your orc is drained!
Your orc dies!
The orc sorcerer points at you and mumbles some strange words.
The bolt of fire misses your orc.
The bolt of fire hits your orc warrior!!
The bolt of fire hits you!!
The troll closely misses your orc wizard.
The troll claws your orc wizard!
The troll barely misses your orc wizard.
The orc sorcerer points at you and mumbles some strange words.
The bolt of fire hits your orc!!
Your orc dies!
The bolt of fire hits your orc wizard!!
Your orc wizard dies!
The bolt of fire hits you!!
* * * LOW HITPOINT WARNING * * *
Your orc warrior misses the orc sorcerer.
The orc sorcerer points at you and mumbles some strange words.
The bolt of fire hits you!!
* * * LOW HITPOINT WARNING * * *
Your orc warrior barely misses the orc sorcerer.
The orc wizard points at you and mumbles some strange words.
The puff of flame hits you.
You die...
Beogh appreciates the orc wizard's killing of a heretic priest.

##.##...)#)#o)
##...#........
.#.#$#..oo.#.#
........o..h#
#......†)o## .
#. #.T)..###..
##.##..........
##..............
#.......@..$....
##......<.......
#.#.#...........
...#.#..........
......##........
...... .........
...... .........
...... .........
..$ ..........


You could see an orc warlord, a troll, a warg, an orc sorcerer (strong, ally
target), an orc wizard (strong) and a friendly orc warrior.

Vanquished Creatures
  An ironbound preserver (D:13)
  A hydra (D:14)
  A catoblepas (D:13)
  2 centaur warriors
  2 two-headed ogres (D:10)
  A tengu warrior (D:12)
  Sonja (D:13)
  An orc knight (D:10)
  A deep elf pyromancer (D:14)
  A manticore (D:13)
  A gargoyle (D:14)
  2 tengu conjurers
  3 trolls
  A troll (shapeshifter) (D:14)
  8 blink frogs (Lair:1)
  Sigmund (D:2)
  2 wraiths (D:12)
  A wyvern (D:9)
  13 yaks
  Grum (D:9)
  A vampire mosquito (D:10)
  2 wargs
  An acid dragon (D:13)
  Duvessa (D:7)
  4 water moccasins
  A sky beast (D:7)
  2 black bears
  3 orc warriors
  3 ogres
  A wolf (D:9)
  4 centaurs
  3 phantoms
  3 kobold brigands
  A gnoll sergeant (D:5)
  3 bullfrogs
  3 scorpions
  4 wights (D:8)
  Dowan (D:7)
  2 killer bees (D:10)
  3 howler monkeys
  3 hounds
  A bombardier beetle (D:5)
  A gnoll bouda (D:5)
  4 jellies
  6 orc priests
  Ijyb (D:4)
  Terence (D:2)
  3 iguanas
  9 orc wizards
  11 gnolls
  12 adders
  2 dart slugs
  5 ribbon worms
  37 orcs
  3 endoplasms
  A giant cockroach (D:2)
  10 goblins
  6 hobgoblins
  4 quokkas
  8 ball pythons
  2 bats
  2 frilled lizards
  25 kobolds
  6 rats
254 creatures vanquished.

Vanquished Creatures (collateral kills)
  Snorg (D:13)
  An entropy weaver (D:13)
  Josephine (D:11)
  5 two-headed ogres
  3 boulder beetles
  An orc high priest (Orc:1)
  Nergalle (D:11)
  An ugly thing (D:13)
  An orc sorcerer (Orc:1)
  3 cyclopes
  A tengu conjurer (D:13)
  A troll (Orc:1)
  A shadow (D:11)
  5 wraiths
  7 yaks
  A vampire (D:9)
  2 vampire mosquitoes (D:10)
  A steam dragon (D:9)
  A warg (Orc:2)
  4 acid dragons
  An orc warrior (Orc:1)
  An ogre (Orc:1)
  A laughing skull (D:13)
  2 wolves (D:9)
  2 centaurs
  A bullfrog (D:7)
  A kobold brigand (D:11)
  A gnoll sergeant (D:10)
  2 killer bees (D:10)
  2 howler monkeys (D:7)
  An electric eel (Orc:1)
  3 orc priests (D:10)
  An orc wizard (Orc:1)
  3 gnolls (D:10)
  9 orcs
  2 kobolds
75 creatures vanquished.

Vanquished Creatures (others)
  An orc sorcerer (D:13)
  3 orc knights
  An orc warrior (D:13)
  4 orc priests
  8 orc wizards
  26 orcs
43 creatures vanquished.

Grand Total: 372 creatures vanquished

Notes
Turn   | Place    | Note
-------+----------+-------------------------------------------
     0 | D:1      | Marvel the Hill Orc Fighter began the quest for the Orb.
     0 | D:1      | Reached XP level 1. HP: 19/19 MP: 1/1
   338 | D:1      | Reached XP level 2. HP: 23/27 MP: 2/2
   440 | D:1      | Got the Catalogue of Ill Luck and Malignant Secrets
   667 | D:2      | Reached skill level 3 in Axes
   707 | D:2      | Reached XP level 3. HP: 33/33 MP: 3/3
   814 | D:2      | Reached XP level 4. HP: 28/40 MP: 4/4
   851 | D:2      | Reached skill level 4 in Axes
   858 | D:2      | You fall into a shaft and drop 1 floor!
   906 | D:3      | Found a faded altar of an unknown god.
   962 | D:3      | Reached XP level 5. HP: 27/46 MP: 5/5
   998 | D:2      | Found a shadowy altar of Dithmenos.
  1074 | D:2      | Noticed Terence
  1083 | D:2      | Killed Terence
  1301 | D:2      | Reached skill level 5 in Axes
  1407 | D:2      | Noticed Sigmund
  1415 | D:2      | Killed Sigmund
  1416 | D:2      | Reached skill level 6 in Axes
  1416 | D:2      | Reached skill level 5 in Armour
  1416 | D:2      | Reached XP level 6. HP: 23/53 MP: 6/6
  2425 | D:4      | Noticed Eustachio
  2445 | D:4      | Reached XP level 7. HP: 58/60 MP: 7/7
  2469 | D:3      | Reached skill level 1 in Dodging
  2532 | D:4      | Noticed Edmund
  2673 | D:4      | Found Nuappeth's Distillery.
  2674 | D:4      | Became a worshipper of Beogh the Brigand
  2691 | D:4      | Bought a potion of curing for 33 gold pieces
  2734 | D:4      | Reached skill level 7 in Axes
  2880 | D:4      | Noticed Ijyb
  2890 | D:4      | Reached skill level 5 in Fighting
  2930 | D:4      | Killed Ijyb
  3089 | D:5      | Entered Level 5 of the Dungeon
  3263 | D:5      | Reached * piety under Beogh
  3339 | D:5      | Found an opulent altar of Gozag.
  3580 | D:5      | Reached skill level 8 in Axes
  3595 | D:5      | Reached XP level 8. HP: 66/69 MP: 8/8
  3968 | D:6      | Reached skill level 9 in Axes
  3978 | D:6      | Reached ** piety under Beogh
  4124 | D:6      | Reached skill level 10 in Axes
  4264 | D:6      | Reached XP level 9. HP: 60/78 MP: 9/9
  4282 | D:6      | Found a staircase to the Ecumenical Temple.
  4554 | D:7      | Reached skill level 11 in Axes
  4746 | D:7      | Noticed Duvessa
  4746 | D:7      | Noticed Dowan
  4851 | D:8      | Noticed a two-headed ogre
  4858 | D:8      | Reached *** piety under Beogh
  4946 | D:7      | Reached skill level 12 in Axes
  5007 | D:7      | Killed Dowan
  5008 | D:7      | Killed Duvessa
  5072 | D:7      | Reached skill level 5 in Shields
  5097 | D:7      | Gained Boruk as an ally
  5210 | D:7      | Reached skill level 1 in Throwing
  5509 | D:8      | Killed a two-headed ogre
  5510 | D:8      | Reached skill level 13 in Axes
  5510 | D:8      | Reached XP level 10. HP: 38/88 MP: 10/10
  5598 | D:8      | Your ally Boruk died
  6325 | D:9      | Noticed a two-headed ogre
  6336 | D:9      | Killed a two-headed ogre
  6377 | D:9      | Reached **** piety under Beogh
  6413 | D:9      | Reached skill level 14 in Axes
  6469 | D:9      | Gained Wargath as an ally
  6560 | D:9      | Found a staircase to the Lair.
  6602 | D:9      | Noticed Grum
  6608 | D:9      | Killed Grum
  6876 | D:10     | Entered Level 10 of the Dungeon
  6876 | D:10     | Noticed a two-headed ogre
  6885 | D:10     | Killed a two-headed ogre
  6886 | D:10     | Reached XP level 11. HP: 75/97 MP: 11/11
  6913 | D:10     | a meliai changed into an entropy weaver
  6913 | D:10     | Noticed an entropy weaver (shapeshifter)
  6922 | D:10     | Noticed a cyclops
  6999 | D:10     | Reached skill level 15 in Axes
  7094 | D:10     | Found a transporter.
  7109 | D:10     | Noticed Computerfleisch's ghost (journeyman MiFi)
  7110 | D:10     | Found a transporter.
  7142 | D:10     | Noticed a two-headed ogre
  7146 | D:10     | Found a staircase to the Orcish Mines.
  7146 | D:10     | Killed a two-headed ogre
  7147 | D:10     | Reached skill level 10 in Fighting
  7321 | D:10     | Noticed a two-headed ogre
  7328 | D:10     | Killed a two-headed ogre
  7511 | D:11     | Noticed a boulder beetle
  7535 | D:11     | Killed a boulder beetle
  7706 | D:11     | Reached ***** piety under Beogh
  7734 | D:11     | Noticed a boulder beetle
  7749 | D:11     | Killed a boulder beetle
  7925 | D:11     | Reached skill level 16 in Axes
  8089 | D:11     | Noticed Nergalle
  8098 | D:11     | Killed Nergalle
  8338 | D:11     | Noticed Josephine
  8338 | D:11     | Noticed a two-headed ogre
  8345 | D:11     | Killed Josephine
  8354 | D:11     | Killed a two-headed ogre
  8355 | D:11     | Reached XP level 12. HP: 101/110 MP: 12/12
  8567 | D:12     | Identified the +1 great sword "Fariss" {protect, *Rage Fly
                  | rPois Int-4}
  9175 | D:13     | Noticed a boulder beetle
  9194 | D:13     | Killed a boulder beetle
  9328 | D:13     | Noticed Sonja
  9335 | D:13     | Killed Sonja
  9336 | D:13     | Reached skill level 17 in Axes
  9336 | D:13     | Reached skill level 10 in Armour
  9365 | D:13     | Noticed a two-headed ogre
  9370 | D:13     | Your ally Wargath died
  9374 | D:13     | Noticed a tengu warrior
  9499 | Lair:1   | Entered Level 1 of the Lair of Beasts
  9761 | Orc:1    | Entered Level 1 of the Orcish Mines
 10086 | Orc:1    | Found a roughly hewn altar of Beogh.
 10086 | Orc:1    | Noticed an orc high priest
 10092 | Orc:1    | Killed an orc high priest
 10157 | Orc:1    | Found Xuats's Weapon Boutique.
 10432 | D:12     | Killed a tengu warrior
 10515 | D:13     | Noticed Snorg
 10526 | D:13     | Killed Snorg
 10612 | D:13     | Noticed a catoblepas
 10635 | D:13     | Killed a catoblepas
 10700 | D:13     | Noticed a centaur warrior
 10709 | D:13     | Killed a centaur warrior
 10709 | D:13     | Noticed an entropy weaver
 10714 | D:13     | Gained Borgk as an ally
 10715 | D:13     | Reached XP level 13. HP: 85/122 MP: 11/13
 10715 | D:13     | Noticed an ironbound preserver
 10718 | D:13     | Gained Ortolf as an ally
 10721 | D:13     | Your ally Borgk died
 10725 | D:13     | Your ally Ortolf died
 10727 | D:13     | Killed an entropy weaver
 10728 | D:13     | Reached skill level 1 in Invocations
 10737 | D:13     | Killed an ironbound preserver
 10866 | D:13     | Found a gate to the Vaults.
 11337 | D:14     | Gained Korbok as an ally
 11442 | D:14     | Your ally Korbok died
 11474 | D:14     | HP: 5/123 [five-headed hydra (4)]
 11923 | Orc:2    | Entered Level 2 of the Orcish Mines
 11930 | Orc:2    | Noticed an orc warlord
 11933 | Orc:2    | Reached skill level 18 in Axes
 11936 | Orc:2    | HP: 1/121 [orc sorcerer/bolt of fire[an orc warlord] (19)]
 11936 | Orc:2    | Killed from afar by an orc wizard

Illustrated notes

Levels and vault maps discovered:
D:1:      wander_arrival_desolate, layout_rooms, roderic_roman_lattice,
          wander_ebering_terrifying_dragon_lair
D:2:      wad_crossroads, layout_basic, basic_altar,
          kennysheep_cross_bottleneck, uniq_terence, uniq_sigmund
D:3:      layout_basic, shapermc_ecumenical_altar_notcrosses
D:4:      layout_rooms, serial_shops, shop, minmay_three_crescents,
          uniq_eustachio, uniq_edmund, uniq_ijyb
D:5:      layout_gridville, grunt_gozag_statues
D:6:      layout_rooms, minmay_temple_entry_drinking_statues
D:7:      layout_cave_pools, grunt_ministairs_15, uniq_duvessa
D:8:      layout_basic, amcnicky_mini_pool_small
D:9:      layout_big_octagon, lair_entry_dummy, lemuel_flame_loot_1, uniq_grum
D:10:     layout_cave_pools, orc_0_dummy, gammafunk_ghost_arena
D:11:     layout_loops_corners, uniq_josephine, uniq_nergalle
D:12:     layout_roguey
D:13:     layout_loops_ring, hellmonk_vaults_order_and_chaos, uniq_sonja,
          uniq_snorg
D:14:     layout_loops_corners, nicolae_trove_entry_columns
Lair:1:   layout_chaotic_city, nicolae_volcano_entry_hallway,
          ebering_ghost_disaster_area
Orc:1:    layout_diamond_mine, serial_shops, nicolae_shop_tiny_waterfront,
          nicolae_orc_rockfall, nicolae_orc_found_a_spring, minmay_orc_temple_b
Orc:2:    st_orc_ogre_mass, layout_caves, uniq_urug

Skill      XL: |  1  2  3  4  5  6  7  8  9 10 11 12 13 |
---------------+----------------------------------------+-----
Axes           | 3 4 6 8 10 13 14 16 17 18 | 18.0
Fighting       | 4 5 6 8 9 11 13 14 | 14.1
Armour         | 4 5 6 7 9 10 | 10.3
Dodging        | 1 |  1.0
Shields        | 4 5 6 8 9 |  9.3
Throwing       | 1 2 4 |  4.0
Invocations    | 1 |  1.0
Stealth        | |  0.1

Action                     |  1- 3 |  4- 6 |  7- 9 | 10-12 | 13-15 || total
---------------------------+-------+-------+-------+-------+-------++-------
  Melee: War axe           |    85 |   139 |   386 |   444 |    58 ||  1112
  Throw: Dart              |       |       |     6 |       |       ||     6
         Boomerang         |       |       |     6 |    24 |     2 ||    32
 Invoke: Convert to Beogh  |       |       |     1 |       |       ||     1
         Give Item to Name |       |       |       |     1 |       ||     1
         Recall Orcish Fol |       |       |       |     2 |     1 ||     3
         Smiting           |       |       |       |     1 |       ||     1
    Use: Potion            |     1 |     2 |       |     2 |       ||     5
         Scroll            |       |     7 |     1 |    11 |     2 ||    21
   Stab: Distracted        |       |       |     2 |     2 |       ||     4
         Confused          |       |       |     1 |       |       ||     1
         Paralysed         |       |       |       |     6 |       ||     6
 Armour: Scale mail        |    65 |   118 |   337 |    88 |       ||   608
         Acid dragon scale |       |       |       |   218 |    86 ||   304
  Dodge: Dodged            |    48 |    44 |   160 |   179 |    34 ||   465
  Block: Buckler           |    22 |    23 |    87 |   135 |    23 ||   290
         Reflection        |       |       |       |       |     2 ||     2
